 Dungeon Crawl Stone Soup version 0.16.1-5-gaa23807 (webtiles) character file.

260475 Fluffy the Warrior (level 19, -1/130 HPs)
             Began as a Gargoyle Fighter on Mar 28, 2015.
             Was the Champion of Okawaru.
             Splashed by a deep elf sorcerer's acid (7 damage)
             ... on level 3 of the Elven Halls.
             The game lasted 03:26:46 (46640 turns).

Fluffy the Warrior (Gargoyle Fighter)              Turns: 46640, Time: 03:26:50

Health: -1/130     AC: 51    Str: 19    XL:     19   Next: 93%
Magic:  34/34      EV:  5    Int: 16    God:    Okawaru [******]
Gold:   4153       SH: 16    Dex: 17    Spells: 0 memorised, 18 levels left

rFire  . . .     SeeInvis +     y - +7 demon whip (freeze)
rCold  + . .     Clarity  +     l - +8 orange crystal plate armour {Archmagi, Int+3 Clar SustAb}
rNeg   + . .     SustAb   +     u - +1 shield {rC+}
rPois  ∞         Gourm    .     C - +2 helmet {SInv}
rElec  +         Spirit   .     i - +0 cloak
rCorr  .         Warding  .     U - +0 pair of gloves {Dex+3}
rMut   +         Stasis   .     P - +2 pair of boots {Fly}
MR     +++..                    B - amulet of resist mutation
Stlth  ..........               v - ring of protection from magic
                                s - ring of protection from magic

@: flying, extremely resistant to hostile enchantments, extremely unstealthy
A: able to fly continuously, big wings, clever 1, deformed body, negative energy
resistance 1, electricity resistance, weak 1, unbreathing, petrification
resistance, rot immunity, AC +13
a: Stop Flying, Heroism, Finesse, Renounce Religion
}: 2/15 runes: decaying, serpentine


You were on level 3 of the Elven Halls.
You worshipped Okawaru.
Okawaru was exalted by your worship.
You were not hungry.

You visited 7 branches of the dungeon, and saw 41 of its levels.
You visited the Abyss 1 time.
You also visited: Ossuary, Bailey and Ice Cave.

You collected 4633 gold pieces.
You spent 480 gold pieces at shops.

Inventory:

Hand weapons
 t - a +2 whip of holy wrath
 y - a +7 demon whip of freezing (weapon)
Armour
 i - a +0 cloak (worn)
 l - the +8 orange crystal plate armour (worn) {Archmagi, Int+3 Clar SustAb}
   (You found it on level 5 of the Snake Pit)

   It affects your intelligence (+3).
   It sustains your strength, intelligence and dexterity.
   It protects you against confusion.
 u - a +1 shield of cold resistance (worn)
 C - a +2 helmet of see invisible (worn)
 P - a +2 pair of boots of flying (worn)
 U - a +0 pair of gloves of dexterity (worn)
Jewellery
 b - an uncursed ring of positive energy
 f - an uncursed amulet of regeneration
 s - a ring of protection from magic (left hand)
 v - a ring of protection from magic (right hand)
 B - an amulet of resist mutation (around neck)
 E - an uncursed ring of positive energy
 N - the ring of Xom's Reproof {rF+ Int+5 Stlth+}
   (You found it on level 9 of the Dungeon)

   [ring of stealth]

   It affects your intelligence (+5).
   It protects you from fire.
   It makes you more stealthy.
 S - an uncursed amulet of stasis
Magical devices
 m - a wand of draining (7)
 n - a wand of teleportation (1)
 w - a wand of fireball (2)
 z - a wand of digging (13)
 D - a wand of draining (0)
 J - a wand of invisibility (3)
 L - a wand of invisibility (9)
 Q - a wand of fireball (3)
 W - a wand of digging (8)
 Y - a wand of invisibility (2)
Scrolls
 j - 11 scrolls of teleportation
 k - 22 scrolls of remove curse
 q - 2 scrolls of recharging
 x - 4 scrolls of enchant armour
 H - 7 scrolls of magic mapping
 I - 14 scrolls of identify
 T - 4 scrolls of blinking
 X - a scroll of silence
Potions
 e - 2 potions of might
 g - 20 potions of curing
 h - 6 potions of heal wounds
 r - 3 potions of invisibility
 A - 3 potions of haste
 F - 4 potions of cure mutation
 K - 2 potions of magic
 V - 4 potions of agility
Miscellaneous
 G - a lamp of fire
 O - a phial of floods
 R - a fan of gales
Comestibles
 a - 15 royal jellies
 d - 21 bread rations
 o - 11 beef jerkies
 p - 13 meat rations
 M - 22 fruits
 Z - 8 slices of pizza


   Skills:
 + Level 17.9 Fighting
 + Level 16.5 Maces & Flails
 + Level 17.9 Armour
 - Level 16.7 Shields
 - Level 14.1 Invocations


You had 18 spell levels left.
You didn't know any spells.

Dungeon Overview and Level Annotations

Branches:
Dungeon (15/15)            Temple (1/1) D:6            Lair (8/8) D:10
  Swamp (5/5) Lair:4        Snake (5/5) Lair:6        Slime (0/6) Lair:7
    Orc (4/4) D:12            Elf (3/3) Orc:3        Vaults (0/5) D:14
 Depths (0/5) D:15

Altars:
Ashenzari
Cheibriados
Dithmenos
Elyvilon
Fedhas
Gozag
Kikubaaqudgha
Makhleb
Nemelex Xobeh
Okawaru
Qazlal
Ru
Sif Muna
Trog
Vehumet
Xom
Yredelemnul
Zin
The Shining One
Jiyva

Shops:
D:8 %   D:12 (:}   Orc:4 =:(*[   Elf:1 }   Elf:2 [   Snake:3 :

Annotations:
Lair:7 1 runed door


Innate Abilities, Weirdness & Mutations

You are resistant to torment.
You are immune to poison.
You can fly continuously.
Your stone body is very resilient (AC +13).
Your wings are large and strong.
You resist negative energy.
You are resistant to electric shocks.
You can survive without breathing.
You are immune to petrification.
You are immune to rotting.
Your mind is acute. (Int +2)
Armour fits poorly on your strangely shaped body.
You are weak. (Str -2)


Message History

You see here a short sword.
You hit the deep elf sorcerer! You freeze the deep elf sorcerer.
The deep elf sorcerer is moderately wounded.
You block the deep elf sorcerer's attack.
You hit the deep elf sorcerer! You freeze the deep elf sorcerer.
The deep elf sorcerer is heavily wounded.
The deep elf fighter casts a spell at you.
The magic dart hits you!
The deep elf sorcerer gestures at you while chanting.
The bolt of acid hits you!
* * * LOW HITPOINT WARNING * * *
The acid burns!
* * * LOW HITPOINT WARNING * * *
You hit the deep elf sorcerer! You freeze the deep elf sorcerer.
The deep elf sorcerer is severely wounded.
The deep elf sorcerer casts a spell at you.
The bolt of acid hits you!
* * * LOW HITPOINT WARNING * * *
The acid burns!
You die...

.....
e...
....
#.e#
#.e#
#.e#
#.e#
#e[#
#e@#
#..#
#.##
#.#
#.#
#.#
#.#
#.#
#.#


You could see a deep elf master archer, a deep elf death mage (wandering), a
deep elf sorcerer, a deep elf priest and 3 deep elf fighters.

Vanquished Creatures
  2 bone dragons
  A lich (Abyss:2)
  A deep elf blademaster (Elf:2)
  A tentacled starspawn (Abyss:4)
  An eldritch tentacle (Abyss:2)
  3 thorn hunters (Swamp:5)
  Roxanne (Swamp:2)
  3 greater nagas
  Maud (Lair:4)
  3 deep elf sorcerers
  An orc warlord (Orc:4)
  Louise (Snake:5)
  2 ghouls (D:14)
  Jorgrun (Snake:2)
  An angel (Abyss:2)
  2 deep elf annihilators (Elf:3)
  A deep elf demonologist (Elf:1)
  4 fire dragons
  A deep elf high priest (Elf:3)
  4 vault guards (D:14)
  Josephine (D:10)
  A rakshasa (Abyss:4)
  Fannar (D:9)
  Harold (D:10)
  An ice dragon (shapeshifter) (Elf:2)
  19 hydras
  14 naga warriors
  Nessos (D:11)
  Erica (Lair:4)
  5 catoblepae
  15 dancing weapons (Elf:2)
  2 tengu warriors (D:15)
  7 anacondas
  5 centaur warriors
  6 alligators
  An orc high priest (Orc:4)
  11 naga sharpshooters
  2 thrashing horrors (Abyss:4)
  15 death yaks (Lair:8)
  Urug (D:11)
  A shock serpent (shapeshifter) (D:15)
  5 shock serpents
  3 fire crabs (Swamp:5)
  A spriggan rider (Swamp:5)
  A sun demon (D:14)
  2 wretched stars (Abyss:1)
  4 salamander mystics
  10 sea snakes
  3 skeletal warriors (D:14)
  10 deep elf knights
  3 unseen horrors (D:12)
  10 deep elf summoners
  6 naga ritualists
  2 starcursed masses (Abyss:2)
  7 hill giants
  5 swamp dragons
  2 ice statues (IceCv)
  2 spriggan druids (Swamp:5)
  An obsidian statue (D:12)
  A necromancer (IceCv)
  10 mana vipers
  5 orc knights
  An oklob plant (Lair:6)
  12 ugly things
  2 hornets
  4 orc sorcerers
  7 salamanders
  A cyclops (D:15)
  26 black mambas
  A guardian serpent (shapeshifter) (Orc:3)
  A worldbinder (Abyss:4)
  2 manticores
  10 deep elf conjurers
  Maurice (D:13)
  A fire giant skeleton (Abyss:2)
  6 centaur zombies (D:14)
  An orange demon (Abyss:1)
  2 smoke demons
  2 gargoyles
  21 naga magi
  A stone giant skeleton (Abyss:2)
  2 rust devils
  Psyche (D:8)
  2 centaur skeletons
  17 spiny frogs
  7 guardian serpents (Snake:5)
  5 wandering mushrooms (D:13)
  2 demonic crawlers
  7 komodo dragons
  A harpy zombie (D:15)
  2 tengu conjurers (D:14)
  7 deep elf priests
  2 trolls
  2 guardian mummies (D:14)
  3 kobold demonologists
  8 ancient zymes
  5 blue devils
  3 fire drakes
  3 two-headed ogres
  4 bog bodies
  9 ravens
  7 large abominations
  2 trapdoor spider zombies
  7 giant leeches
  19 slime creatures
  3 boulder beetles
  25 blink frogs
  2 raiju (Abyss:2)
  2 flying skulls (Abyss:2)
  3 shadows
  4 wraiths
  13 spriggans
  A basilisk (shapeshifter) (D:15)
  3 wyverns
  A vampire (D:14)
  2 ynoxinuls
  2 basilisks
  A redback (Elf:2)
  39 yaks
  14 hippogriffs
  Eustachio (D:8)
  20 deep elf magi
  A fire bat (Abyss:1)
  A golden eye (Abyss:2)
  3 wargs (Orc:4)
  14 deep elf fighters
  8 vampire mosquitoes
  5 neqoxecs
  A fire elemental (Swamp:5)
  12 insubstantial wisps
  6 mottled dragons
  5 wolves (Lair:6)
  36 water moccasins
  Edmund (D:8)
  57 nagas
  24 swamp worms
  27 orc warriors
  A hungry ghost (D:10)
  A sky beast (D:13)
  3 soldier ants
  11 wasps
  12 porcupines
  An eye of draining (D:14)
  4 phantoms
  A black bear (D:9)
  10 ice beasts
  10 swamp drakes
  19 ogres
  2 spiders (D:8)
  3 necrophages
  4 boring beetles
  16 big kobolds
  19 crocodiles
  16 centaurs
  A gnoll sergeant (D:11)
  19 giant frogs
  A wyvern zombie (D:12)
  7 small abominations
  A water moccasin zombie (D:6)
  6 scorpions
  A warg zombie (Orc:4)
  A water moccasin skeleton (D:7)
  A wyvern skeleton (D:12)
  4 killer bees
  4 wights (D:11)
  9 electric eels
  5 draconian simulacra (IceCv)
  8 crimson imps
  2 iron imps
  6 jellies
  The ghost of trelanon the Cudgeler, a weakling VSWr (D:8)
  3 quasits
  11 orc priests
  2 giant frog skeletons
  A giant frog zombie (D:12)
  20 hounds
  23 orc wizards
  8 iguanas
  9 worker ants
  32 sheep
  3 troll simulacra (IceCv)
  6 hell rats
  6 big kobold zombies (Ossuary)
  A centaur simulacrum (IceCv)
  Ijyb (D:5)
  An ogre skeleton (Abyss:2)
  3 mummies
  9 gnolls
  A hound skeleton (D:8)
  19 adders
  An ogre simulacrum (IceCv)
  31 river rats
  2 shadow imps
  15 white imps
  3 worms
  4 ufetubi
  2 adder skeletons
  4 giant geckos
  124 orcs
  3 spectral bats (Ossuary)
  23 bats
  7 bat simulacra (Ossuary)
  2 bat skeletons
  7 giant cockroaches
  6 gnoll zombies (Ossuary)
  27 hobgoblins
  10 jackals
  29 kobolds
  17 quokkas
  A giant cockroach zombie (D:6)
  A giant gecko skeleton (D:8)
  7 giant newts
  A giant spore (D:12)
  27 goblins
  2 goblin simulacra (Ossuary)
  4 goblin zombies (Ossuary)
  A hobgoblin zombie (Ossuary)
  7 kobold zombies (Ossuary)
  6 orc zombies
  12 rats
  5 rat simulacra (Ossuary)
  A spectral goblin (Ossuary)
  4 spectral kobolds (Ossuary)
  A spectral rat (Ossuary)
  4 ballistomycetes (D:5)
  A fungus (Swamp:3)
  3 plants
1579 creatures vanquished.

Vanquished Creatures (others)
  A deep elf high priest (Elf:3)
  A swamp dragon (Swamp:5)
  A vampire (D:14)
  A deep elf fighter (Elf:2)
  A neqoxec (Abyss:4)
  A mottled dragon (Swamp:5)
  3 swamp drakes (Swamp:5)
  An orc wizard (D:11)
  An ufetubus (Abyss:4)
  An orc (D:11)
  A giant spore (D:5)
  A hobgoblin zombie (Ossuary)
  32 eldritch tentacle segments (Abyss:2)
  3 fungi
  2 starspawn tentacles (Abyss:4)
51 creatures vanquished.

Grand Total: 1630 creatures vanquished

Notes
Turn   | Place    | Note
--------------------------------------------------------------
     0 | D:1      | Fluffy, the Gargoyle Fighter, began the quest for the Orb.
     0 | D:1      | Reached XP level 1. HP: 14/14 MP: 1/1
   264 | D:1      | Reached XP level 2. HP: 19/19 MP: 2/2
   784 | D:2      | Reached XP level 3. HP: 23/23 MP: 3/3
  1050 | D:2      | Reached skill level 4 in Shields
  1094 | D:2      | Reached XP level 4. HP: 26/29 MP: 4/4
  1667 | D:3      | Found a sparkling altar of Nemelex Xobeh.
  1859 | D:3      | Reached XP level 5. HP: 33/33 MP: 5/5
  2413 | D:4      | Reached XP level 6. HP: 39/39 MP: 6/6
  2741 | D:4      | Reached skill level 5 in Armour
  3077 | D:4      | Reached skill level 5 in Shields
  3277 | D:5      | Entered Level 5 of the Dungeon
  3344 | D:5      | Reached skill level 5 in Fighting
  3344 | D:5      | Reached XP level 7. HP: 42/44 MP: 7/7
  3644 | D:5      | Noticed Ijyb
  3671 | D:5      | Killed Ijyb
  3889 | D:5      | Reached skill level 6 in Armour
  3889 | D:5      | Reached XP level 8. HP: 44/51 MP: 8/8
  4392 | D:5      | Reached skill level 5 in Maces & Flails
  4460 | D:6      | Found a staircase to the Ecumenical Temple.
  4472 | D:6      | Got a warped morningstar
  4473 | D:6      | Identified the +3 morningstar of the Scorpion {flame, rC- MR+ MP+9 Dex+4 SInv} (You found it on level 6 of the Dungeon)
  4490 | Temple   | Entered the Ecumenical Temple
  4587 | Temple   | Became a worshipper of Warmaster Okawaru
  4648 | D:6      | Reached skill level 1 in Invocations
  4716 | D:6      | Found a burning altar of Makhleb.
  5094 | D:7      | Found a sand-covered staircase.
  5114 | Ossuary  | Entered an ossuary
  5165 | Ossuary  | Reached XP level 9. HP: 56/56 MP: 12/12
  5176 | Ossuary  | Acquired Okawaru's first power
  5337 | Ossuary  | Reached skill level 7 in Armour
  5927 | D:8      | Found Cliplarch's Food Emporium.
  6019 | D:8      | Noticed Eustachio
  6038 | D:8      | Killed Eustachio
  6237 | D:8      | Reached XP level 10. HP: 61/64 MP: 18/18
  6240 | D:8      | Reached skill level 8 in Shields
  6308 | D:8      | Noticed Edmund
  6324 | D:8      | Killed Edmund
  6325 | D:8      | Noticed trelanon's ghost (weakling VSWr)
  6330 | D:8      | Killed trelanon's ghost
  6343 | D:8      | Reached skill level 5 in Invocations
  6535 | D:8      | Noticed Psyche
  6544 | D:8      | Killed Psyche
  7719 | D:9      | Got a translucent copper ring
  7722 | D:9      | Identified the ring of Xom's Reproof {rF+ Int+5 Stlth+} (You found it on level 9 of the Dungeon)
  7995 | D:10     | Entered Level 10 of the Dungeon
  8000 | D:10     | Noticed Fannar
  8016 | D:9      | Received a gift from Okawaru
  8037 | D:9      | Reached skill level 9 in Armour
  8299 | D:9      | Killed Fannar
  8299 | D:9      | Acquired Okawaru's second power
  8299 | D:9      | Reached XP level 11. HP: 38/71 MP: 21/21
  8312 | D:10     | Noticed Josephine
  8321 | D:10     | Killed Josephine
  8321 | D:10     | Received a gift from Okawaru
  8342 | D:10     | Noticed Harold
  8580 | D:10     | Killed Harold
  8580 | D:10     | Received a gift from Okawaru
  8757 | D:10     | Noticed a hill giant
  8772 | D:10     | Killed a hill giant
  9073 | D:10     | Found a staircase to the Lair.
  9338 | D:10     | Noticed an orc knight
  9350 | D:10     | Killed an orc knight
  9350 | D:10     | Reached skill level 10 in Armour
  9579 | Lair:1   | Entered Level 1 of the Lair of Beasts
  9747 | Lair:1   | Reached skill level 10 in Shields
  9788 | Lair:1   | Received a gift from Okawaru
 10291 | Lair:1   | Reached skill level 10 in Fighting
 11406 | Lair:2   | Reached XP level 12. HP: 77/77 MP: 23/23
 11652 | Lair:2   | Found a white marble altar of Elyvilon.
 12332 | Lair:3   | Identified the Papyrus of Malediction
 13547 | Lair:4   | Noticed a six-headed hydra
 13557 | Lair:4   | Killed a six-headed hydra
 13785 | Lair:4   | Noticed Erica
 13801 | Lair:4   | Killed Erica
 14017 | Lair:4   | Noticed Maud
 14043 | Lair:4   | Killed Maud
 14046 | Lair:4   | Reached skill level 11 in Shields
 14295 | Lair:4   | Reached skill level 10 in Maces & Flails
 14422 | Lair:4   | Found a staircase to the Swamp.
 15364 | Lair:5   | Reached XP level 13. HP: 76/84 MP: 26/26
 15930 | Lair:6   | Received a gift from Okawaru
 17159 | Lair:6   | Found a staircase to the Snake Pit.
 17178 | Lair:6   | Reached skill level 10 in Invocations
 17829 | Lair:7   | Found a runed door.
 17898 | Lair:7   | Reached skill level 12 in Shields
 17918 | Lair:7   | Found a viscous altar of Jiyva.
 17919 | Lair:7   | Noticed an azure jelly
 17919 | Lair:7   | Found a staircase to the Slime Pits.
 17919 | Lair:7   | Noticed an azure jelly
 18633 | Lair:8   | Entered Level 8 of the Lair of Beasts
 18679 | Lair:8   | Found a frozen archway.
 18780 | Lair:8   | Received a gift from Okawaru
 18796 | IceCv    | Entered an ice cave
 19615 | IceCv    | Received a gift from Okawaru
 19639 | IceCv    | Got a shimmering robe
 19703 | IceCv    | Identified the cursed -2 robe of the Four of Swords {rF+} (You found it in an ice cave)
 20208 | Lair:8   | Gained mutation: Your wings are large and strong. [gargoyle growth]
 20208 | Lair:8   | Reached XP level 14. HP: 92/92 MP: 28/28
 21274 | Lair:8   | Received a gift from Okawaru
 21275 | Lair:8   | Got a dazzling dire flail {god gift}
 21296 | Lair:8   | Identified the +8 dire flail of the Pill Bug {venom, rPois Str-4 Stlth+} (Okawaru gifted it to you on level 8 of the Lair of Beasts)
 22311 | D:11     | Found a flagged portal.
 22328 | Bailey   | Entered a bailey
 22549 | Bailey   | Identified the Incunabulum of Transformation
 22981 | D:11     | Noticed Urug
 22996 | D:11     | Killed Urug
 23149 | D:11     | Reached skill level 13 in Shields
 23177 | D:11     | Noticed Nessos
 23436 | D:11     | Killed Nessos
 23511 | D:11     | Received a gift from Okawaru
 24047 | D:12     | Found a staircase to the Orcish Mines.
 24529 | D:12     | Identified the Reference Book on Calling (You found it on level 12 of the Dungeon)
 24541 | D:12     | Found Cha March's Gadget Shop.
 24690 | D:12     | Reached XP level 15. HP: 94/98 MP: 29/29
 24878 | D:12     | Found Jast's Book Shoppe.
 24975 | D:12     | Found Gradad's Weapon Shoppe.
 25022 | Orc:1    | Entered Level 1 of the Orcish Mines
 26325 | Orc:4    | Entered Level 4 of the Orcish Mines
 26460 | Orc:4    | Found Atunaut's General Store.
 26515 | Orc:4    | Found Ettemp's Book Shop.
 26607 | Orc:4    | Found Noexkal's Jewellery Boutique.
 26796 | Orc:4    | Found Uxziot's Antique Armour Shop.
 27590 | Orc:4    | Found Siecunaz's Antique Weapon Shoppe.
 27670 | Orc:4    | Found a burning altar of Makhleb.
 27799 | Orc:3    | Found a staircase to the Elven Halls.
 28074 | Orc:4    | Bought an uncursed amulet of regeneration for 480 gold pieces
 28396 | Snake:1  | Entered Level 1 of the Snake Pit
 28542 | Snake:1  | Received a gift from Okawaru
 29086 | Snake:2  | Noticed Jorgrun
 29118 | Snake:2  | Killed Jorgrun
 29125 | Snake:2  | Gained mutation: Your mind is acute. (Int +2) [potion of beneficial mutation]
 29564 | Snake:2  | Reached skill level 14 in Shields
 29608 | Snake:2  | Received a gift from Okawaru
 30536 | Snake:3  | Reached XP level 16. HP: 103/106 MP: 31/31
 30545 | Snake:3  | Found Russ' Book Boutique.
 30946 | Snake:3  | Received a gift from Okawaru
 31180 | Snake:4  | Received a gift from Okawaru
 31184 | Snake:4  | Got an encrusted plate armour {god gift}
 31195 | Snake:4  | Identified the -4 plate armour of a treasure trove {-Tele MP-9 Str+4 Dex+6 SInv} (Okawaru gifted it to you on level 4 of the Snake Pit)
 32154 | Snake:5  | Entered Level 5 of the Snake Pit
 32317 | Snake:5  | Identified the Tome of Ashen Transmigration
 32437 | Snake:5  | Noticed Louise
 32500 | Snake:5  | Killed Louise
 32947 | Snake:5  | Received a gift from Okawaru
 33802 | Snake:5  | Reached skill level 15 in Shields
 33857 | Snake:5  | Reached XP level 17. HP: 93/112 MP: 32/32
 33955 | Snake:5  | Reached skill level 15 in Fighting
 34141 | Snake:5  | Got a serpentine rune of Zot
 34181 | Snake:5  | Received a gift from Okawaru
 34181 | Snake:5  | Reached skill level 15 in Armour
 34543 | Swamp:1  | Entered Level 1 of the Swamp
 35454 | Swamp:2  | Noticed Roxanne
 35494 | Swamp:2  | Killed Roxanne
 36116 | Swamp:2  | Received a gift from Okawaru
 37744 | Swamp:5  | Entered Level 5 of the Swamp
 37971 | Swamp:5  | Received a gift from Okawaru
 38185 | Swamp:5  | Reached skill level 16 in Shields
 38195 | Swamp:5  | Reached XP level 18. HP: 118/120 MP: 33/33
 38321 | Swamp:5  | Got a crude lead ring
 38323 | Swamp:5  | Identified the ring "Zutwoorgh" {rC- MR+ Str-5 Int+5 Dex+4} (You found it on level 5 of the Swamp)
 39043 | Swamp:5  | Got a decaying rune of Zot
 40057 | D:13     | Noticed Maurice
 40066 | D:13     | Killed Maurice
 40675 | D:14     | Received a gift from Okawaru
 40850 | D:14     | Reached skill level 15 in Maces & Flails
 41022 | D:14     | Found a gate to the Vaults.
 41212 | D:14     | Got a vibrating amber ring
 41214 | D:14     | Identified the ring "Xyhuoteweisk" {rPois Dex+2 Slay+3} (You found it on level 14 of the Dungeon)
 41233 | D:14     | Found a sacrificial altar of Ru.
 41698 | D:15     | Entered Level 15 of the Dungeon
 41855 | D:15     | Found a staircase to the Depths.
 42766 | Elf:1    | Entered Level 1 of the Elven Halls
 42802 | Elf:1    | Cast into the Abyss (a deep elf sorcerer)
 42802 | Abyss:1  | Found a corrupted altar of Lugonu.
 43118 | Abyss:2  | Found a corrupted altar of Lugonu.
 43124 | Abyss:2  | Found an opulent altar of Gozag.
 43290 | Abyss:2  | Noticed a bone dragon
 43314 | Abyss:2  | Killed a bone dragon
 43339 | Abyss:2  | Reached XP level 19. HP: 127/127 MP: 34/34
 43352 | Abyss:2  | Gained mutation: Armour fits poorly on your strangely shaped body. [a neqoxec]
 43669 | Abyss:2  | Found a corrupted altar of Lugonu.
 43703 | Abyss:4  | Found a corrupted altar of Lugonu.
 43776 | Abyss:4  | Reached skill level 17 in Fighting
 43800 | Abyss:4  | Received a gift from Okawaru
 43965 | Abyss:4  | Noticed a bone dragon
 44020 | Abyss:4  | Killed a bone dragon
 44046 | Elf:1    | Escaped the Abyss
 44365 | Elf:1    | Found Thremopi's Quality Used Wands.
 44660 | Elf:1    | Identified Sockial's Grimoire of Arcane Weapons (You found it on level 1 of the Elven Halls)
 44928 | Elf:1    | Got a translucent troll leather armour
 44939 | Elf:1    | Identified the cursed -4 troll leather armour of Omission {Regen+ Stlth+} (You found it on level 1 of the Elven Halls)
 45046 | Elf:2    | Found a runed gate.
 45047 | Elf:2    | Found a runed gate.
 45047 | Elf:2    | Found a runed gate.
 45464 | Elf:2    | Found Appecs' Armour Emporium.
 46288 | Elf:3    | Entered Level 3 of the Elven Halls
 46616 | Elf:3    | Gained mutation: You are weak. (Str -2) [a neqoxec]
 46636 | Elf:3    | Received a gift from Okawaru
 46640 | Elf:3    | HP: 6/130 [deep elf sorcerer/bolt of acid (7)]
 46640 | Elf:3    | Splashed by a deep elf sorcerer's acid

Action                   |  1- 3 |  4- 6 |  7- 9 | 10-12 | 13-15 | 16-18 | 19-21 || total
-------------------------+-------+-------+-------+-------+-------+-------+-------++-------
Melee: Flail             |   113 |   319 |   191 |    60 |       |       |       ||   683
       Morningstar       |       |       |   259 |   901 |    32 |       |       ||  1192
       Demon whip        |       |       |       |       |  2548 |  2851 |   734 ||  6133
Invok: Heroism           |       |       |       |     2 |     2 |     5 |       ||     9
       Finesse           |       |       |       |     1 |     2 |     4 |       ||     7
 Abil: Stop Flying       |       |       |       |       |     1 |       |       ||     1
       Evoke Flight      |       |       |       |       |     1 |       |       ||     1
Evoke: Wand              |       |       |       |     3 |     3 |     1 |       ||     7
  Use: Scroll            |       |       |    19 |     8 |    18 |     7 |     2 ||    54
       Potion            |       |       |       |     4 |     2 |       |       ||     6
 Stab: Confused          |       |       |       |     1 |       |     3 |       ||     4
       Petrifying        |       |       |       |       |     3 |     3 |       ||     6
       Petrified         |       |       |       |       |     2 |     2 |       ||     4
  Eat: Chunk             |     1 |     8 |     8 |    30 |    50 |    48 |    14 ||   159
       Pizza             |       |       |     1 |       |       |       |       ||     1
       Fruit             |       |       |       |     1 |     1 |     2 |     2 ||     6
       Beef jerky        |       |       |       |     1 |       |       |       ||     1
